 Dungeon Crawl Stone Soup version 0.29.0-4-gdea44cf6ec (webtiles) character file.

Game seed: 13958140581570765078

13363 qw the Brawler (level 11, -11/107 HPs)
             Began as a Troll Cinder Acolyte on Aug 30, 2022.
             Was an Initiate of Okawaru.
             Mangled by a seven-headed hydra (14 damage)
             ... on level 2 of the Lair of Beasts.
             The game lasted 00:05:14 (10272 turns).

qw the Brawler (Troll Cinder Acolyte)              Turns: 10272, Time: 00:05:15

Health: -11/107    AC:  9    Str: 28    XL:     11   Next: 74%
Magic:  11/11      EV: 13    Int: 10    God:    Okawaru [......]
Gold:   317        SH:  5    Dex:  5    Spells: 12/12 levels left

rFire   . . .      SeeInvis .     - Unarmed
rCold   . . .      Faith    .   (no shield)
rNeg    . . .      Spirit   .   l - +1 steam dragon scales
rPois   +          Reflect  +   (helmet restricted)
rElec   .          Harm     .   b - +0 cloak
rCorr   .          Rampage  .   (gloves unavailable)
Will    .....                   (boots unavailable)
Stlth   +.........              p - amulet of reflection
HPRegen 1.07/turn               o - +4 ring of evasion
MPRegen 0.12/turn               e - ring of poison resistance

@: about to teleport, fire susceptible
A: large, unfitting armour, claws 3, regeneration 1, shaggy fur 1, tough skin 1
a: Renounce Religion


You were on level 2 of the Lair of Beasts.
You worshipped Okawaru.
Okawaru was noncommittal.
You visited 3 branches of the dungeon, and saw 12 of its levels.

You collected 842 gold pieces.
You spent 525 gold pieces at shops.


Innate Abilities, Weirdness & Mutations

You are too large for most types of armour.
You have claws for hands.
Your natural rate of healing is unusually fast.
You are covered in fur. (AC +1)
You have tough skin. (AC +1)


   Skills:
 + Level 6.5 Fighting
 - Level 6.0 Throwing
 - Level 2.1 Armour
 - Level 1.1 Dodging
 - Level 16.0 Unarmed Combat
 - Level 1.0 Spellcasting
 - Level 2.1 Fire Magic


You had 12 spell levels left.
You didn't know any spells.
Your spell library contained the following spells:

 Spells                   Type           Power      Damage    Failure   Level
 Scorch                   Fire           8%         2d5       22%         2

Inventory:

Missiles
 g - 3 javelins (quivered)
 q - 7 boomerangs
Armour
 b - a +0 cloak (worn)
 l - +1 steam dragon scales (worn)
Jewellery
 a - a ring of fire
 e - a ring of poison resistance (right claw)
 k - a ring of protection from cold
 o - a +4 ring of evasion (left claw)
 p - an amulet of reflection (around neck)
 s - a ring of fire
Scrolls
 j - a scroll of identify
 m - 2 scrolls of teleportation
 n - a scroll of enchant weapon
Potions
 c - a potion of haste
 d - a potion of might
 f - a potion of brilliance {unknown}
 i - 6 potions of curing
 r - a potion of resistance {unknown}

Dungeon Overview and Level Annotations

Branches:
Dungeon (9/15)             Temple (1/1) D:7            Lair (2/5) D:9
  Swamp: Lair:2-3    Shoals: Lair:2-3     Snake: Lair:2-3    Spider: Lair:2-3
    Orc: D:9-12

Altars:
Ashenzari
Cheibriados
Dithmenos
Elyvilon
Fedhas
Hepliaklqana
Makhleb
Okawaru
Sif Muna
Trog
Vehumet
Xom
Zin
The Shining One

Shops:
D:1 [   D:2 =   D:4 *   D:8 =


Message History

The five-headed hydra bites you! The five-headed hydra bites you.
The five-headed hydra misses you. The five-headed hydra bites you.
The five-headed hydra bites you but does no damage.
You scratch the five-headed hydra but do no damage.
The five-headed hydra is lightly wounded.
You tear one of the five-headed hydra's heads off!
The four-headed hydra grows two more!
You mangle the six-headed hydra!!
The six-headed hydra is moderately wounded.
The six-headed hydra misses you. The six-headed hydra bites you!
The six-headed hydra bites you.
The six-headed hydra bites you but does no damage. x2
The six-headed hydra bites you.
You claw the blink frog!
You kill the blink frog!
Okawaru accepts your kill. The six-headed hydra bites you!
The six-headed hydra closely misses you.
You block the six-headed hydra's attack.
The six-headed hydra bites you!
The six-headed hydra bites you but does no damage.
The six-headed hydra bites you! The blink frog misses you.
10271 ||| READING 3 scrolls of teleportation.
As you read the scroll of teleportation, it crumbles to dust.
You feel strangely unstable. You block the blink frog's attack.
The six-headed hydra bites you but does no damage.
The six-headed hydra misses you. The six-headed hydra barely misses you.
The six-headed hydra bites you. x3
You tear one of the six-headed hydra's heads off!
The five-headed hydra grows two more!
You claw the seven-headed hydra!
The seven-headed hydra is moderately wounded.
The blink frog blinks!
The seven-headed hydra bites you but does no damage.
The seven-headed hydra barely misses you.
The seven-headed hydra bites you!
The seven-headed hydra barely misses you.
The seven-headed hydra misses you.
The seven-headed hydra bites you but does no damage.
The seven-headed hydra bites you!
You die...

.#.#.......#.#.####
#......##.#........
../.#####.........
#..###....#####..
#..#..#..#..
###...#........
#....#..?8...8.
##....#.....<...
#..#%@¤...8...8.
##...D##........
#..#.!...##...##
#...##...^##..#
#...# .....¤. #...
###..FF #.F #..+
#.. ##. #.


You could see a seven-headed hydra and a blink frog.

Vanquished Creatures
  A two-headed ogre (D:9)
  3 death yaks (Lair:1)
  Pikel (D:4)
  An elephant (Lair:1)
  Maggie (D:6)
  A rime drake (Lair:1)
  6 komodo dragons
  A troll (D:9)
  A slime creature (D:5)
  3 blink frogs (Lair:2)
  Sigmund (D:4)
  9 yaks (Lair:1)
  3 wyverns
  2 basilisks (D:9)
  2 steam dragons
  4 water moccasins
  An ice beast (D:8)
  A black bear (D:5)
  5 sky beasts
  5 orc warriors
  2 ogres
  2 phantoms
  2 centaurs (D:9)
  4 lemures (D:4)
  4 kobold brigands
  2 necrophages (D:7)
  3 bullfrogs
  A gnoll sergeant (D:8)
  7 scorpions
  6 killer bees (D:9)
  4 howler monkeys
  6 jellies
  7 orc priests
  A hound (D:4)
  Ijyb (D:4)
  A gnoll bouda (D:7)
  Jessica (D:2)
  8 iguanas
  5 orc wizards
  Natasha (twice) (D:4)
  4 hell rats (Lair:1)
  15 gnolls
  8 adders
  3 river rats (Lair:1)
  2 white imps
  An ufetubus (D:4)
  2 dart slugs
  42 orcs
  9 ball pythons
  9 endoplasms
  4 giant cockroaches (D:1)
  8 goblins
  5 hobgoblins
  12 jackals
  2 quokkas
  4 bats (D:2)
  3 frilled lizards
  18 kobolds
  18 rats
290 creatures vanquished.

Vanquished Creatures (others)
  5 fungi
  4 plants (Lair:1)
  8 toadstools (D:5)
17 creatures vanquished.

Grand Total: 307 creatures vanquished

Notes
Turn   | Place    | Note
-------+----------+-------------------------------------------
     0 | D:1      | qw the Troll Cinder Acolyte began the quest for the Orb.
     0 | D:1      | Reached XP level 1. HP: 22/22 MP: 1/1
     0 | D:1      | 0 ||| qw: Version: 0.1-a-95-gae9e614
     0 | D:1      | 0 ||| qw: Game counter: 4414
     0 | D:1      | 0 ||| qw: Always use a shield: true
     0 | D:1      | 0 ||| qw: God list: Okawaru
     0 | D:1      | 0 ||| qw: Allow faded altars: false
     0 | D:1      | 0 ||| qw: Do Orc after D:15 true
     0 | D:1      | 0 ||| qw: Do second Lair branch before Depths: true
     0 | D:1      | 0 ||| qw: Lair rune preference: random
     0 | D:1      | 0 ||| qw: Plans: Normal
     0 | D:1      | 0 ||| PLANNING D:1-11
   323 | D:1      | Reached XP level 2. HP: 29/29 MP: 2/2
   455 | D:1      | Found Uguwo's Antique Armour Boutique.
   464 | D:1      | 464 ||| SHOPLISTING cloak (99 gold, have 38).
   464 | D:1      | 464 ||| SHOPLISTING runed cloak (165 gold, have 38).
   500 | D:1      | Reached skill level 4 in Unarmed Combat
   522 | D:1      | 522 ||| Stepping ~*~*~tactically~*~*~ (stealth).
   525 | D:1      | 525 ||| Stepping ~*~*~tactically~*~*~ (stealth).
   806 | D:1      | Reached XP level 3. HP: 35/36 MP: 3/3
   921 | D:1      | 921 ||| UPGRADING to ring of protection from cold.
   922 | D:1      | 922 ||| DROPPING ring of magical power.
   923 | D:1      | 923 ||| READING scroll labelled PINI TASACVEDGH.
  1024 | D:1      | 1024 ||| READING scroll labelled ASTOCU RYCASU.
  1025 | D:1      | 1025 ||| READING scroll labelled ZEGEUSE TUMIOR.
  1026 | D:1      | 1026 ||| DRINKING 2 sedimented yellow potions.
  1114 | D:2      | 1114 ||| Stepping ~*~*~tactically~*~*~ (stealth).
  1158 | D:2      | Found Namm's One-of-a-Kind Rings.
  1162 | D:2      | 1162 ||| SHOPLISTING +2 ring of evasion (120 gold, have
                  | 68).
  1162 | D:2      | 1162 ||| SHOPLISTING +6 ring of protection (936 gold, have
                  | 68).
  1162 | D:2      | 1162 ||| SHOPLISTING +7 ring of strength (540 gold, have
                  | 68).
  1162 | D:2      | 1162 ||| SHOPLISTING ring of Ucudul {*Slow rPois rN+ Will+}
                  | (417 gold, have 68).
  1162 | D:2      | 1162 ||| SHOPLISTING ring of Zocecej {rF+ Will+} (451 gold,
                  | have 68).
  1265 | D:2      | 1265 ||| Stepping ~*~*~tactically~*~*~ (stealth).
  1346 | D:2      | Found a faded altar of an unknown god.
  1487 | D:2      | Identified the +3 leather armour "Imiocs" {+Inv rElec rC+}
  1712 | D:2      | Noticed Jessica
  1713 | D:2      | 1713 ||| Stepping ~*~*~tactically~*~*~ (hiding).
  1716 | D:2      | 1716 ||| Stepping ~*~*~tactically~*~*~ (hiding).
  1719 | D:2      | Killed Jessica
  1720 | D:2      | Reached skill level 1 in Throwing
  1720 | D:2      | Reached XP level 4. HP: 44/44 MP: 4/4
  1725 | D:2      | 1725 ||| Stepping ~*~*~tactically~*~*~ (stealth).
  1990 | D:2      | 1990 ||| READING 2 scrolls labelled GOEWOSCH IGEALL.
  1991 | D:2      | 1991 ||| DRINKING 2 bubbling grey potions.
  2152 | D:3      | Reached skill level 5 in Unarmed Combat
  2220 | D:3      | 2220 ||| INVOKING Fiery Armour.
  2222 | D:3      | 2222 ||| Stepping ~*~*~tactically~*~*~ (outnumbered).
  2230 | D:3      | Reached XP level 5. HP: 50/50 MP: 5/5
  2310 | D:3      | 2310 ||| Stepping ~*~*~tactically~*~*~ (stealth).
  2712 | D:3      | Noticed a phantom
  2718 | D:3      | 2718 ||| Stepping ~*~*~tactically~*~*~ (outnumbered).
  2719 | D:3      | 2719 ||| Stepping ~*~*~tactically~*~*~ (outnumbered).
  2720 | D:3      | 2720 ||| Stepping ~*~*~tactically~*~*~ (outnumbered).
  2731 | D:3      | Killed a phantom
  2732 | D:3      | Reached skill level 6 in Unarmed Combat
  2824 | D:3      | 2824 ||| INVOKING Fiery Armour.
  2830 | D:3      | Reached XP level 6. HP: 43/59 MP: 6/6
  2958 | D:3      | 2958 ||| UPGRADING to ring of poison resistance.
  2959 | D:3      | 2959 ||| READING scroll labelled CISUHU ZISK.
  2960 | D:3      | 2960 ||| READING scroll labelled XYTUXZ OVEFAOD.
  2961 | D:3      | 2961 ||| READING 2 scrolls labelled CONE IDILELU.
  2962 | D:3      | 2962 ||| DROPPING scroll of noise.
  2980 | D:4      | 2980 ||| Stepping ~*~*~tactically~*~*~ (outnumbered).
  2981 | D:4      | Noticed Pikel
  2982 | D:4      | 2982 ||| Stepping ~*~*~tactically~*~*~ (stealth).
  2983 | D:4      | 2983 ||| Stepping ~*~*~tactically~*~*~ (stealth).
  2995 | D:4      | 2995 ||| INVOKING Fiery Armour.
  3001 | D:4      | 3001 ||| FLEEEEING.
  3002 | D:4      | 3002 ||| STAIRDANCE
  3044 | D:4      | Killed Pikel
  3045 | D:4      | Reached skill level 8 in Unarmed Combat
  3045 | D:4      | Reached XP level 7. HP: 20/66 MP: 7/7
  3045 | D:4      | 3045 ||| STAIRDANCE
  3134 | D:4      | Found a snail-covered altar of Cheibriados.
  3144 | D:4      | Reached skill level 3 in Fighting
  3263 | D:4      | Found a snail-covered altar of Cheibriados.
  3310 | D:4      | Noticed Sigmund
  3311 | D:4      | 3311 ||| Stepping ~*~*~tactically~*~*~ (hiding).
  3321 | D:4      | Killed Sigmund
  3322 | D:4      | Reached skill level 9 in Unarmed Combat
  3322 | D:4      | Reached XP level 8. HP: 71/75 MP: 8/8
  3398 | D:4      | 3398 ||| Stepping ~*~*~tactically~*~*~ (stealth).
  3418 | D:4      | Reached skill level 1 in Dodging
  3430 | D:4      | Found Voiwneiq's General Store.
  3440 | D:4      | 3440 ||| BUYING scroll of enchant weapon (75 gold).
  3440 | D:4      | Bought a scroll of enchant weapon for 75 gold pieces
  3455 | D:4      | Found a shimmering blue altar of Sif Muna.
  3501 | D:4      | 3501 ||| Stepping ~*~*~tactically~*~*~ (hiding).
  3803 | D:4      | Noticed Natasha
  3804 | D:4      | 3804 ||| Stepping ~*~*~tactically~*~*~ (hiding).
  3805 | D:4      | 3805 ||| Stepping ~*~*~tactically~*~*~ (hiding).
  3806 | D:4      | Noticed Ijyb
  3808 | D:4      | Killed Natasha
  3816 | D:4      | Killed Ijyb
  3850 | D:4      | 3850 ||| INVOKING Fiery Armour.
  3853 | D:4      | Reached skill level 3 in Throwing
  3857 | D:4      | Noticed Natasha
  3868 | D:4      | Killed Natasha
  4125 | D:4      | 4125 ||| UPGRADING to +4 ring of evasion.
  4127 | D:4      | 4127 ||| READING 4 scrolls labelled VOOVVU LASOC.
  4131 | D:4      | 4131 ||| READING scroll labelled QUHIWK OLUIPN.
  4132 | D:4      | 4132 ||| DRINKING 2 metallic cyan potions.
  4133 | D:4      | 4133 ||| DROPPING potion of degeneration.
  4143 | D:5      | Entered Level 5 of the Dungeon
  4154 | D:5      | Found a bloodstained altar of Trog.
  4220 | D:5      | 4220 ||| INVOKING Fiery Armour.
  4229 | D:5      | Reached skill level 10 in Unarmed Combat
  4295 | D:5      | 4295 ||| Stepping ~*~*~tactically~*~*~ (stealth).
  4296 | D:5      | 4296 ||| Stepping ~*~*~tactically~*~*~ (stealth).
  4368 | D:5      | 4368 ||| FLEEEEING.
  4369 | D:5      | 4369 ||| FLEEEEING.
  4424 | D:5      | 4424 ||| Stepping ~*~*~tactically~*~*~ (hiding).
  4551 | D:5      | 4551 ||| Stepping ~*~*~tactically~*~*~ (stealth).
  4609 | D:5      | 4609 ||| INVOKING Fiery Armour.
  4612 | D:5      | 4612 ||| Stepping ~*~*~tactically~*~*~ (outnumbered).
  4616 | D:5      | 4616 ||| Stepping ~*~*~tactically~*~*~ (outnumbered).
  4619 | D:5      | 4619 ||| Stepping ~*~*~tactically~*~*~ (outnumbered).
  4621 | D:5      | 4621 ||| Stepping ~*~*~tactically~*~*~ (outnumbered).
  4625 | D:5      | 4625 ||| Stepping ~*~*~tactically~*~*~ (outnumbered).
  4662 | D:5      | Reached XP level 9. HP: 84/84 MP: 9/9
  4671 | D:5      | 4671 ||| Stepping ~*~*~tactically~*~*~ (stealth).
  4673 | D:5      | 4673 ||| Stepping ~*~*~tactically~*~*~ (stealth).
  4680 | D:5      | 4680 ||| FLEEEEING.
  4681 | D:5      | 4681 ||| FLEEEEING.
  4682 | D:5      | 4682 ||| FLEEEEING.
  4683 | D:5      | 4683 ||| FLEEEEING.
  4684 | D:5      | 4684 ||| FLEEEEING.
  4685 | D:5      | 4685 ||| FLEEEEING.
  4686 | D:5      | 4686 ||| FLEEEEING.
  4688 | D:5      | 4688 ||| FLEEEEING.
  4689 | D:5      | 4689 ||| FLEEEEING.
  4690 | D:5      | 4690 ||| FLEEEEING.
  4692 | D:5      | 4692 ||| FLEEEEING.
  4693 | D:5      | 4693 ||| FLEEEEING.
  4694 | D:5      | 4694 ||| FLEEEEING.
  4695 | D:5      | 4695 ||| FLEEEEING.
  4696 | D:5      | 4696 ||| FLEEEEING.
  4697 | D:5      | 4697 ||| FLEEEEING.
  4698 | D:5      | 4698 ||| FLEEEEING.
  4699 | D:5      | 4699 ||| FLEEEEING.
  4701 | D:5      | 4701 ||| FLEEEEING.
  4702 | D:5      | 4702 ||| FLEEEEING.
  4703 | D:5      | 4703 ||| FLEEEEING.
  4704 | D:5      | 4704 ||| FLEEEEING.
  4705 | D:5      | 4705 ||| FLEEEEING.
  4706 | D:5      | 4706 ||| FLEEEEING.
  4707 | D:5      | 4707 ||| FLEEEEING.
  4708 | D:5      | 4708 ||| FLEEEEING.
  4746 | D:5      | Reached skill level 11 in Unarmed Combat
  4751 | D:5      | 4751 ||| INVOKING Fiery Armour.
  4905 | D:5      | 4905 ||| DROPPING amulet of magic regeneration.
  4906 | D:5      | 4906 ||| READING scroll labelled OSTRUNIRIAJ.
  4933 | D:6      | 4933 ||| STAIRDANCE
  4941 | D:6      | 4941 ||| Stepping ~*~*~tactically~*~*~ (stealth).
  4972 | D:6      | 4972 ||| Stepping ~*~*~tactically~*~*~ (stealth).
  4988 | D:6      | 4988 ||| FLEEEEING.
  5062 | D:6      | Found a broken altar of Ashenzari.
  5081 | D:6      | Noticed Maggie
  5082 | D:6      | 5082 ||| Stepping ~*~*~tactically~*~*~ (stealth).
  5089 | D:6      | 5089 ||| Stepping ~*~*~tactically~*~*~ (stealth).
  5090 | D:6      | 5090 ||| Stepping ~*~*~tactically~*~*~ (stealth).
  5101 | D:6      | Killed Maggie
  5118 | D:6      | 5118 ||| FLEEEEING.
  5139 | D:6      | Reached skill level 12 in Unarmed Combat
  5145 | D:6      | Identified the +7 dagger "Leviticus" {freeze, rC+}
  5177 | D:6      | 5177 ||| Stepping ~*~*~tactically~*~*~ (outnumbered).
  5186 | D:6      | 5186 ||| READING 3 scrolls of teleportation.
  5186 | D:6      | HP: 18/84 [acid (9)]
  5187 | D:6      | 5187 ||| DRINKING 2 potions of heal wounds.
  5188 | D:6      | 5188 ||| INVOKING Fiery Armour.
  5189 | D:6      | 5189 ||| READING 2 scrolls of teleportation.
  5190 | D:6      | 5190 ||| DRINKING potion of heal wounds.
  5197 | D:6      | 5197 ||| READING scroll of teleportation.
  5263 | D:6      | 5263 ||| Stepping ~*~*~tactically~*~*~ (stealth).
  5293 | D:6      | Found a hazy altar of Hepliaklqana.
  5294 | D:6      | Found a shimmering altar of Xom.
  5295 | D:6      | Noticed a spectral ugly thing
  5447 | D:6      | 5447 ||| FLEEEEING.
  5448 | D:6      | 5448 ||| FLEEEEING.
  5449 | D:6      | 5449 ||| FLEEEEING.
  5450 | D:6      | 5450 ||| FLEEEEING.
  5451 | D:6      | 5451 ||| FLEEEEING.
  5453 | D:6      | 5453 ||| FLEEEEING.
  5454 | D:6      | 5454 ||| FLEEEEING.
  5455 | D:6      | 5455 ||| FLEEEEING.
  5456 | D:6      | 5456 ||| FLEEEEING.
  5458 | D:6      | 5458 ||| STAIRDANCE
  5471 | D:5      | 5471 ||| UPGRADING to +0 steam dragon scales.
  5481 | D:5      | 5481 ||| DROPPING +0 robe.
  5482 | D:5      | 5482 ||| READING scroll of enchant armour.
  5482 | D:5      | 5482 ||| ENCHANTING +0 steam dragon scales.
  5483 | D:5      | 5483 ||| UPGRADING to amulet of regeneration.
  5490 | D:6      | 5490 ||| STAIRDANCE
  5517 | D:6      | Reached skill level 1 in Armour
  5541 | D:6      | 5541 ||| Stepping ~*~*~tactically~*~*~ (stealth).
  5559 | D:6      | 5559 ||| Stepping ~*~*~tactically~*~*~ (hiding).
  5573 | D:6      | 5573 ||| FLEEEEING.
  5585 | D:6      | 5585 ||| Stepping ~*~*~tactically~*~*~ (hiding).
  5670 | D:6      | 5670 ||| READING 2 scrolls of identify.
  5670 | D:6      | 5670 ||| IDENTIFYING grey potion
  5671 | D:6      | 5671 ||| DROPPING potion of lignification.
  5748 | D:7      | 5748 ||| Stepping ~*~*~tactically~*~*~ (hiding).
  5755 | D:7      | 5755 ||| INVOKING Fiery Armour.
  5756 | D:7      | 5756 ||| Stepping ~*~*~tactically~*~*~ (outnumbered).
  5757 | D:7      | 5757 ||| Stepping ~*~*~tactically~*~*~ (outnumbered).
  5759 | D:7      | 5759 ||| Stepping ~*~*~tactically~*~*~ (outnumbered).
  5760 | D:7      | 5760 ||| Stepping ~*~*~tactically~*~*~ (outnumbered).
  5889 | D:7      | 5889 ||| Stepping ~*~*~tactically~*~*~ (hiding).
  6012 | D:7      | 6012 ||| Stepping ~*~*~tactically~*~*~ (stealth).
  6157 | D:7      | Reached XP level 10. HP: 75/96 MP: 10/10
  6157 | D:7      | 6157 ||| Stepping ~*~*~tactically~*~*~ (outnumbered).
  6158 | D:7      | 6158 ||| Stepping ~*~*~tactically~*~*~ (outnumbered).
  6159 | D:7      | 6159 ||| Stepping ~*~*~tactically~*~*~ (outnumbered).
  6160 | D:7      | 6160 ||| Stepping ~*~*~tactically~*~*~ (outnumbered).
  6161 | D:7      | 6161 ||| Stepping ~*~*~tactically~*~*~ (outnumbered).
  6162 | D:7      | 6162 ||| Stepping ~*~*~tactically~*~*~ (outnumbered).
  6163 | D:7      | 6163 ||| Stepping ~*~*~tactically~*~*~ (outnumbered).
  6164 | D:7      | 6164 ||| Stepping ~*~*~tactically~*~*~ (outnumbered).
  6165 | D:7      | 6165 ||| Stepping ~*~*~tactically~*~*~ (outnumbered).
  6166 | D:7      | 6166 ||| Stepping ~*~*~tactically~*~*~ (outnumbered).
  6167 | D:7      | 6167 ||| Stepping ~*~*~tactically~*~*~ (outnumbered).
  6180 | D:7      | Found a staircase to the Ecumenical Temple.
  6261 | D:7      | Identified the +1 long sword "Faugaxad" {vorpal, Will+
                  | Int+4}
  6535 | D:7      | 6535 ||| UPGRADING to +0 cloak.
  6540 | D:7      | 6540 ||| READING 2 scrolls of identify.
  6540 | D:7      | 6540 ||| IDENTIFYING brown potion
  6541 | D:7      | 6541 ||| DROPPING potion of flight.
  6640 | D:8      | 6640 ||| Stepping ~*~*~tactically~*~*~ (stealth).
  6644 | D:8      | 6644 ||| Stepping ~*~*~tactically~*~*~ (stealth).
  6651 | D:8      | 6651 ||| Stepping ~*~*~tactically~*~*~ (stealth).
  6656 | D:8      | 6656 ||| Stepping ~*~*~tactically~*~*~ (outnumbered).
  6966 | D:8      | 6966 ||| Stepping ~*~*~tactically~*~*~ (hiding).
  6971 | D:8      | 6971 ||| Stepping ~*~*~tactically~*~*~ (hiding).
  6974 | D:8      | 6974 ||| Stepping ~*~*~tactically~*~*~ (outnumbered).
  7248 | D:8      | Found a glowing golden altar of the Shining One.
  7411 | D:8      | Found Vetarezi's Jewellery Boutique.
  7420 | D:8      | 7420 ||| SHOPLISTING +4 ring of evasion (540 gold, have
                  | 466).
  7420 | D:8      | 7420 ||| BUYING amulet of reflection (450 gold).
  7420 | D:8      | Bought an amulet of reflection for 450 gold pieces
  7420 | D:8      | 7420 ||| SHOPLISTING ring of protection from fire (375
                  | gold, have 16).
  7731 | D:8      | 7731 ||| UPGRADING to amulet of reflection.
  7741 | D:8      | 7741 ||| DROPPING amulet of regeneration.
  7742 | D:8      | 7742 ||| READING scroll labelled JUC HOACWU.
  7778 | D:9      | Reached skill level 13 in Unarmed Combat
  7821 | D:9      | 7821 ||| Stepping ~*~*~tactically~*~*~ (hiding).
  7947 | D:9      | 7947 ||| INVOKING Fiery Armour.
  8200 | D:9      | Identified the +2 leather armour of Decompression {Contam
                  | rElec rC++ Dex+5}
  8241 | D:9      | 8241 ||| Stepping ~*~*~tactically~*~*~ (stealth).
  8273 | D:9      | 8273 ||| INVOKING Fiery Armour.
  8275 | D:9      | 8275 ||| Stepping ~*~*~tactically~*~*~ (outnumbered).
  8286 | D:9      | Reached skill level 14 in Unarmed Combat
  8350 | D:9      | Found a staircase to the Lair.
  8429 | D:9      | 8429 ||| Stepping ~*~*~tactically~*~*~ (stealth).
  8561 | D:9      | Noticed a two-headed ogre
  8566 | D:9      | Killed a two-headed ogre
  8567 | D:9      | Reached skill level 6 in Fighting
  8635 | D:9      | 8635 ||| Stepping ~*~*~tactically~*~*~ (outnumbered).
  8636 | D:9      | 8636 ||| Stepping ~*~*~tactically~*~*~ (outnumbered).
  8637 | D:9      | 8637 ||| Stepping ~*~*~tactically~*~*~ (outnumbered).
  8641 | D:9      | 8641 ||| Stepping ~*~*~tactically~*~*~ (outnumbered).
  8642 | D:9      | 8642 ||| Stepping ~*~*~tactically~*~*~ (outnumbered).
  8738 | D:9      | 8738 ||| PLANNING LAIR
  8821 | Lair:1   | Entered Level 1 of the Lair of Beasts
  8829 | Lair:1   | 8829 ||| Stepping ~*~*~tactically~*~*~ (stealth).
  8840 | Lair:1   | Reached XP level 11. HP: 81/106 MP: 11/11
  8932 | Lair:1   | 8932 ||| Stepping ~*~*~tactically~*~*~ (stealth).
  8982 | Lair:1   | 8982 ||| Stepping ~*~*~tactically~*~*~ (stealth).
  8985 | Lair:1   | 8985 ||| Stepping ~*~*~tactically~*~*~ (stealth).
  8990 | Lair:1   | 8990 ||| Stepping ~*~*~tactically~*~*~ (outnumbered).
  8992 | Lair:1   | 8992 ||| Stepping ~*~*~tactically~*~*~ (outnumbered).
  9085 | Lair:1   | Reached skill level 6 in Throwing
  9141 | Lair:1   | 9141 ||| Stepping ~*~*~tactically~*~*~ (stealth).
  9161 | Lair:1   | 9161 ||| Stepping ~*~*~tactically~*~*~ (stealth).
  9163 | Lair:1   | 9163 ||| INVOKING Fiery Armour.
  9172 | Lair:1   | 9172 ||| Stepping ~*~*~tactically~*~*~ (outnumbered).
  9175 | Lair:1   | 9175 ||| Stepping ~*~*~tactically~*~*~ (outnumbered).
  9176 | Lair:1   | 9176 ||| Stepping ~*~*~tactically~*~*~ (outnumbered).
  9177 | Lair:1   | 9177 ||| Stepping ~*~*~tactically~*~*~ (outnumbered).
  9382 | Lair:1   | Noticed a death yak
  9383 | Lair:1   | 9383 ||| Stepping ~*~*~tactically~*~*~ (stealth).
  9385 | Lair:1   | 9385 ||| INVOKING Fiery Armour.
  9386 | Lair:1   | Noticed a death yak
  9387 | Lair:1   | Noticed a death yak
  9388 | Lair:1   | 9388 ||| Stepping ~*~*~tactically~*~*~ (stealth).
  9394 | Lair:1   | 9394 ||| Stepping ~*~*~tactically~*~*~ (outnumbered).
  9395 | Lair:1   | Killed a death yak
  9396 | Lair:1   | Reached skill level 15 in Unarmed Combat
  9404 | Lair:1   | Killed a death yak
  9411 | Lair:1   | Killed a death yak
  9709 | Lair:1   | 9709 ||| PLANNING TEMPLE
  9709 | Lair:1   | 9709 ||| READING 2 scrolls of identify.
  9709 | Lair:1   | 9709 ||| IDENTIFYING red potion
  9893 | Temple   | Entered the Ecumenical Temple
  9903 | Temple   | 9903 ||| PLANNING CONVERSION TO OKAWARU
  9910 | Temple   | Fell from the grace of Ignis
  9910 | Temple   | Became a worshipper of Warmaster Okawaru
  9911 | Temple   | 9911 ||| PLANNING LAIR
 10201 | Lair:2   | 10201 ||| STAIRDANCE
 10206 | Lair:2   | 10206 ||| STAIRDANCE
 10253 | Lair:2   | 10253 ||| Stepping ~*~*~tactically~*~*~ (stealth).
 10262 | Lair:2   | Noticed a four-headed hydra
 10264 | Lair:2   | Reached skill level 16 in Unarmed Combat
 10270 | Lair:2   | HP: 25/106 [six-headed hydra (9)]
 10271 | Lair:2   | 10271 ||| READING 3 scrolls of teleportation.
 10271 | Lair:2   | HP: 12/107 [six-headed hydra (2)]
 10272 | Lair:2   | HP: 3/107 [seven-headed hydra (10)]
 10272 | Lair:2   | Mangled by a seven-headed hydra

Levels and vault maps discovered:
D:1:      doesnt_arrival_eight_statues, layout_loops_corners, serial_shops,
          shop, minmay_crystal_water, st_stairs_2, corner_web_ring,
          dk_noncrumbling_3
D:2:      layout_loops_corners, hellmonk_ecumenical_altar_defaced_shrine,
          minmay_misc_feat_roman, minmay_misc_feat_four_crosses,
          nicolae_shop_unique_rings, minmay_close_crescents, uniq_jessica
D:3:      layout_basic
D:4:      layout_basic, led_sif_pool, cheibriados_altar_1, serial_shops, shop,
          minivault_27, kennysheep_small_circle, uniq_sigmund, uniq_natasha,
          uniq_ijyb, uniq_pikel
D:5:      cheibrodos_fertilizer, layout_basic, nicolae_overflow_crystal_walls
D:6:      layout_rooms, evilmike_ruin_ashenzari, regret_index_temple_of_mockery,
          uniq_maggie
D:7:      layout_gridville, temple_green, minmay_misc_feat_chi
D:8:      layout_basic, tso_oasis_becter, serial_shops, shop, enter_bailey_4,
          grunt_ogre_cave
D:9:      layout_loops_ring, erik_lair_dragon
Temple:   compressed_dpeg_triangle_lava_temple
Lair:1:   beast_lair_carwin_large_1, layout_regular_city,
          chequers_serial_rivers_large_b, minivault_27,
          kennysheep_abandoned_house
Lair:2:   layout_layer_cave, elwin_shoals_entry_rocks, grunt_megastairs_2

Skill      XL: |  1  2  3  4  5  6  7  8  9 10 11 |
---------------+----------------------------------+-----
Unarmed Combat | 4 5 6 8 9 10 12 14 16 | 16.0
Throwing       | 1 2 3 4 5 6 |  6.0
Fighting       | 3 4 5 6 |  6.5
Dodging        | 1 |  1.1
Armour         | 1 2 |  2.1
Spellcasting   | |  1.0
Fire Magic     | |  2.1

Action                   |  1- 3 |  4- 6 |  7- 9 | 10-12 || total
-------------------------+-------+-------+-------+-------++-------
Melee: Unarmed           |   114 |    76 |   249 |   275 ||   714
       Punch             |       |     4 |    10 |    16 ||    30
Throw: Large rock        |     3 |    25 |    43 |    46 ||   117
       Javelin           |       |       |       |    12 ||    12
Invok: Fiery Armour      |       |     3 |     6 |     4 ||    13
  Use: Scroll            |     3 |     4 |     8 |     4 ||    19
       Potion            |     1 |     1 |     3 |       ||     5
Armor: Robe              |    26 |    18 |    40 |       ||    84
       Steam dragon scal |       |       |    12 |    73 ||    85
Dodge: Dodged            |    48 |    23 |   104 |   107 ||   282
Block: Other             |       |       |       |    27 ||    27

Table legend:
 A = Non-vault XP
 B = Vault XP
 C = Vault XP percentage of total XP
 D = Non-vault monster count
 E = Vault monster count
 F = Vault count percentage of total count
                 A         B        C        D         E       F
            +---------+---------+-------+---------+---------+-------
      Total |   12657 |    6433 |  33.7 |     215 |      71 |  24.8
            +---------+---------+-------+---------+---------+-------
        D:1 |      41 |       3 |   6.8 |      23 |       2 |   8.0
        D:2 |      41 |      56 |  57.7 |      17 |      10 |  37.0
        D:3 |     285 |       0 |   0.0 |      23 |       0 |   0.0
        D:4 |     290 |    1044 |  78.3 |      21 |       5 |  19.2
        D:5 |     770 |     740 |  49.0 |      14 |      15 |  51.7
        D:6 |    1406 |     376 |  21.1 |      30 |       1 |   3.2
        D:7 |     748 |       0 |   0.0 |      20 |       0 |   0.0
        D:8 |    1075 |     133 |  11.0 |      25 |       6 |  19.4
        D:9 |    2620 |     987 |  27.4 |      25 |       5 |  16.7
     Lair:1 |    5293 |    2322 |  30.5 |      16 |      24 |  60.0
     Lair:2 |      88 |     772 |  89.8 |       1 |       3 |  75.0
            +---------+---------+-------+---------+---------+-------
